 Dungeon Crawl Stone Soup version 0.18-a0-1773-gec4f98e (console) character file.

504 Laurel the Thaumaturge (level 6, -1/32 HPs)
             Began as a Deep Elf Ice Elementalist on Apr 14, 2016.
             Slain by Menkaure (17 damage)
             ... on level 4 of the Dungeon on Apr 15, 2016.
             The game lasted 00:37:26 (4329 turns).

Laurel the Thaumaturge (Deep Elf Ice Elementalist)  Turns: 4329, Time: 00:37:29

Health: -1/32      AC:  8    Str:  5    XL:     6   Next: 96%
Magic:  12/20      EV: 13    Int: 20    God:
Gold:   142        SH:  0    Dex: 17    Spells: 5 memorised, 9 levels left

rFire  + . .     SeeInvis .     e - +1 dagger
rCold  + . .     Gourm    .     z - +2 robe {rC+ rF+}
rNeg   . . .     Faith    .     (no shield)
rPois  .         Spirit   .     E - +0 helmet
rElec  .         Dismiss  .     y - +2 cloak {+Inv}
rCorr  .         Reflect  .     (no gloves)
SustAt .         Harm     .     (no boots)
MR     .....                    (no amulet)
Stlth  ++........               (no ring)
                                (no ring)

@: very slightly contaminated, not resistant to hostile enchantments, unstealthy
A: no striking features
a: Evoke Invisibility


You were on level 4 of the Dungeon.
You were not hungry.

You visited 1 branch of the dungeon, and saw 4 of its levels.

You collected 142 gold pieces.

Inventory:

Hand Weapons
 e - a +1 dagger (weapon)
 t - a cursed -2 blowgun
Missiles
 j - 97 stones (quivered)
 k - 15 arrows of frost
 v - 15 poisoned needles
Armour
 y - a +2 cloak of invisibility (worn)
 z - a +2 robe of resistance (worn)
 E - a +0 helmet (worn)
Wands
 n - a wand of acid (0/15)
 x - a wand of slowing (18/48)
Scrolls
 o - 2 scrolls of identify
 q - 2 scrolls of enchant weapon
 B - a scroll of remove curse
Potions
 h - a potion of flight {unknown}
 i - a potion of brilliance {unknown}
 l - a potion of lignification {unknown}
 m - a potion of mutation {unknown}
 p - 2 potions of degeneration {unknown}
 r - a potion of heal wounds {unknown}
 s - a potion of might {unknown}
 u - a potion of cancellation {unknown}
 A - a potion of haste {unknown}
 C - a potion of agility
Books
 b - a book of Frost

   Spells                             Type                      Level
   a - Freeze                         Ice                          1
   b - Throw Frost                    Conjuration/Ice              2
   c - Ozocubu's Armour               Charms/Ice                   3
   d - Throw Icicle                   Conjuration/Ice              4
   e - Summon Ice Beast               Ice/Summoning                4
Comestibles
 a - 4 fruits
 c - 4 bread rations
 d - 2 meat rations
 f - a slice of pizza
 g - 3 beef jerkies
 D - a royal jelly


   Skills:
 + Level 0.8 Short Blades
 - Level 2.6 Dodging
 - Level 2.5 Stealth
 - Level 9.1 Spellcasting
 - Level 1.1 Conjurations
 * Level 4.4 Ice Magic


You had 9 spell levels left.
You knew the following spells:

 Your Spells              Type           Power        Failure   Level  Hunger
a - Freeze                Ice            ####         1%          1    None
b - Throw Frost           Conj/Ice       ###...       3%          2    None
c - Ozocubu's Armour      Chrm/Ice       ###.....     10%         3    None
d - Throw Icicle          Conj/Ice       ###.....     24%         4    ###....
e - Summon Ice Beast      Ice/Summ       ###.....     30%         4    ###....


Dungeon Overview and Level Annotations

Branches:
Dungeon (4/15)
 Temple: D:4-7

Altars:
Pakellas

Annotations:
D:4 Menkaure


Message History

There is a stone staircase leading down here.
Casting: Freeze
Confirm with . or Enter, or press ? or * to list all spells.
Okay, then.
You climb downwards.
Level annotation: Menkaure
There is a stone staircase leading up here.
Casting: Freeze
Confirm with . or Enter, or press ? or * to list all spells.
A chill wind blows around you.
Menkaure calls on the powers of darkness!
Your body is wracked with pain!
Your ice beast convulses!
Casting: Summon Ice Beast
Confirm with . or Enter, or press ? or * to list all spells.
You miscast Summon Ice Beast.
You are very lightly contaminated with residual magic.
Nothing appears to happen.
Menkaure hits you!
Ouch! That really hurt!
You die...

#.....# #.....# #.#
# #####.# #.....#
#.# # #.#
#.....####.# # #.#
##'####.M..#### #.#
#.# #.###...M
#.######.# #.#
#.... #......#.#
#.# #....
#.#....#.####.#
#####
#.Y.@..#.#....#
#.#.M..#.#.####
#.#....#.#.#
#####.#....#.#M#
####.....#....#.#.#
#.......#####.#.#.#
#.......# #.#'#.#
#.......#####.....#
#.................#


You could see Menkaure and a friendly ice beast.

Vanquished Creatures
  Sigmund (D:3)
  An ogre (D:4)
  An orc wizard (D:4)
  Crazy Yiuf (D:2)
  A worker ant (D:4)
  Robin (D:4)
  2 adders
  3 gnolls (D:3)
  An ooze (D:2)
  2 worms
  6 giant geckos
  4 orcs
  10 bats
  6 giant cockroaches
  12 hobgoblins
  15 jackals
  A ball python (D:1)
  3 giant newts
  20 goblins
  15 kobolds
  7 rats
113 creatures vanquished.

Vanquished Creatures (others)
  A rakshasa (D:2)
  A rat (D:2)
2 creatures vanquished.

Grand Total: 115 creatures vanquished

Notes
Turn   | Place    | Note
--------------------------------------------------------------
     0 | D:1      | Laurel the Deep Elf Ice Elementalist began the quest for the Orb.
     0 | D:1      | Reached XP level 1. HP: 10/10 MP: 6/6
   510 | D:1      | Reached XP level 2. HP: 13/15 MP: 5/8
  1159 | D:1      | Learned a level 2 spell: Throw Frost
  1161 | D:1      | Reached skill level 4 in Spellcasting
  1165 | D:1      | Reached XP level 3. HP: 18/19 MP: 1/10
  1282 | D:2      | Found a faded altar to an unknown god.
  1438 | D:2      | Noticed Crazy Yiuf
  1648 | D:2      | Found an oddly glowing altar of Pakellas.
  1780 | D:2      | Noticed a rakshasa
  1805 | D:2      | Killed a rakshasa
  1848 | D:2      | Reached skill level 5 in Spellcasting
  1850 | D:2      | Reached XP level 4. HP: 24/24 MP: 9/13
  2505 | D:3      | Learned a level 3 spell: Ozocubu's Armour
  2859 | D:3      | Noticed Sigmund
  2900 | D:3      | Reached skill level 6 in Spellcasting
  2909 | D:3      | Learned a level 4 spell: Throw Icicle
  2914 | D:3      | Learned a level 4 spell: Summon Ice Beast
  2948 | D:3      | Noticed an ice beast
  3097 | D:2      | Killed Crazy Yiuf
  3097 | D:2      | Reached XP level 5. HP: 26/28 MP: 3/16
  3216 | D:3      | Killed Sigmund
  3216 | D:3      | Reached skill level 8 in Spellcasting
  3216 | D:3      | Reached XP level 6. HP: 14/32 MP: 5/19
  3495 | D:4      | Reached skill level 9 in Spellcasting
  4002 | D:4      | Got an ominously black robe
  4013 | D:4      | Identified the +0 robe of Impatience {+Inv rPois Int-4} (You found it on level 4 of the Dungeon)
  4019 | D:4      | Noticed Robin
  4028 | D:4      | Killed Robin
  4072 | D:4      | Noticed Menkaure
  4329 | D:4      | Slain by Menkaure

Vault maps used:
D:1:      shiori_shiawase, minmay_misc_feat_chi
D:2:      gammafunk_pakellas_cloud_experiment, ecumenical_altar_2, first_bread,
          minmay_goblin_kobold_house, uniq_crazy_yiuf_cottage
D:3:      minivault_25, grunt_ministairs_5, uniq_sigmund
D:4:      minmay_temple_entry_butterflies, uniq_menkaure, uniq_robin,
          uniq_natasha

Skill      XL: |  1  2  3  4  5  6 |
---------------+-------------------+-----
Spellcasting   | 4 5 6 8 9 |  9.1
Ice Magic      | 4 |  4.4
Short Blades   | |  0.8
Dodging        | |  2.6
Stealth        | |  2.5
Conjurations   | |  1.1

Action                   |  1- 3 |  4- 6 || total
-------------------------+-------+-------++-------
Melee: Dagger            |    67 |    49 ||   116
Throw: Stone             |     3 |       ||     3
 Cast: Freeze            |    42 |    76 ||   118
       Throw Frost       |     3 |    24 ||    27
       Ozocubu's Armour  |       |     2 ||     2
       Summon Ice Beast  |       |     1 ||     1
Evoke: Wand              |       |     2 ||     2
  Use: Scroll            |       |     7 ||     7
       Potion            |       |     2 ||     2
 Stab: Sleeping          |     3 |     4 ||     7
  Eat: Chunk             |     3 |     8 ||    11
Armor: Robe              |    28 |    22 ||    50
Dodge: Dodged            |    90 |    74 ||   164
